 Dungeon Crawl Stone Soup version 0.30-a0-424-g7412bad402 (webtiles) character file.

Game seed: 4871096379875386770

2690 McMuffin the Insei (level 9, -3/61 HPs)
             Began as a Demonspawn Transmuter on Dec 9, 2022.
             Was an Initiate of Gozag.
             Slain by Duvessa
             ... wielding a +6 short sword of venom
              (12 damage)
             ... on level 7 of the Dungeon.
             The game lasted 00:55:55 (5870 turns).

McMuffin the Insei (Demonspawn Transmuter)          Turns: 5870, Time: 00:55:56

Health: -3/61      AC:  5    Str: 12    XL:     9   Next: 38%
Magic:  0/17       EV: 13    Int: 25    God:    Gozag
Gold:   279        SH:  0    Dex: 18    Spells: 12/19 levels left

rFire   . . .      SeeInvis .      - Unarmed
rCold   + . .      Faith    .    (no shield)
rNeg    . . .      Spirit   +    q - +0 leather armour
rPois   +          Reflect  .    (helmet currently unavailable)
rElec   +          Harm     .    w - +2 cloak {Stlth+}
rCorr   +          Rampage  +    (no gloves)
Will    .....                    (boots currently unavailable)
Stlth   ++++......               n - amulet "Xuseahir" {Spirit Rampage rF- Int+2}
HPRegen 0.30/turn                t - +6 ring of intelligence
MPRegen 0.30/turn                (no ring)

@: mighty, appendages, resistant, wereblooded, gold aura
A: horns 2, talons 2, claws 2, magic regeneration, weakness stinger 1, agile 1,
clever 1, deformed body, poison resistance
a: End Transformation, Renounce Religion, Potion Petition, Call Merchant, Bribe
Branch


You were on level 7 of the Dungeon.
You worshipped Gozag.
Gozag was aware of your devotion.
You had temporarily grown beastly horns and talons.
You visited 1 branch of the dungeon, and saw 7 of its levels.
You also visited: Sewer and Ossuary.

You collected 1292 gold pieces.
You paid 1013 gold pieces to Gozag.

Inventory:

Hand Weapons
 i - a -3 hand axe
 j - a +3 sling of draining
 C - the +5 short sword of Geutodim {pain, Int+4}
   (You found it on level 5 of the Dungeon)

   In the hands of one skilled in necromantic magic, it inflicts extra damage on
   living creatures.
   Int:       It affects your intelligence (+4).
Missiles
 F - a throwing net
Armour
 a - a +0 robe
 q - a +0 leather armour (worn)
 w - a +2 cloak of stealth (worn)
Jewellery
 n - the amulet "Xuseahir" (around neck) {Spirit Rampage rF- Int+2}
   (You acquired it on level 4 of the Dungeon)

   [amulet of guardian spirit]

   It causes incoming damage to be divided between your reserves of health and
   magic.
   Int:       It affects your intelligence (+2).
   rF:        It makes you vulnerable to fire.
   Rampage:   It bestows one free step when moving towards enemies.
 t - a +6 ring of intelligence (left claw)
Scrolls
 e - 3 scrolls of teleportation
 f - 5 scrolls of fog
 g - 2 scrolls of magic mapping
 h - 3 scrolls of enchant weapon
 o - 4 scrolls of fear {unknown}
 u - a scroll of amnesia {unknown}
 x - a scroll of enchant armour {unknown}
 y - 2 scrolls of blinking {unknown}
 z - a scroll of immolation {unknown}
 A - 2 scrolls of noise {unknown}
 D - 3 scrolls of poison
Potions
 b - 2 potions of lignification
 c - 2 potions of mutation
 d - a potion of flight
 k - 2 potions of cancellation
 l - 2 potions of magic
 m - 8 potions of haste
 r - 3 potions of curing
 s - 3 potions of might
 v - a potion of resistance
 B - 4 potions of brilliance


   Skills:
 + Level 2.3 Fighting
 + Level 0.7 Ranged Weapons
 + Level 3.5 Armour
 + Level 3.7 Dodging
 + Level 3.8 Stealth
 + Level 7.0 Unarmed Combat
 + Level 5.7 Spellcasting
 + Level 4.8 Transmutations
 + Level 0.6 Ice Magic


You had 12 spell levels left.
You knew the following spells:

 Your Spells              Type           Power      Damage    Failure   Level
a - Beastly Appendage     Tmut           62%        N/A       1%          1
b - Wereblood             Tmut           31%        N/A       1%          2
c - Ice Form              Ice/Tmut       20%        N/A       32%         4

Your spell library contained the following spells:

 Spells                   Type           Power      Damage    Failure   Level
 Spider Form              Tmut/Pois      19%        N/A       11%         3
 Ensorcelled Hibernation  Hex/Ice        16%        N/A       13%         2
 Ignite Poison            Fire/Tmut/Pois 15%        N/A       16%         3
 Kindle Blastsparks       Fire/Tloc/Air  14%        2d11      28%         3
 Anguish                  Hex/Necr       3%         N/A       67%         4
 Freezing Cloud           Conj/Ice/Air   4%         6-21      94%         5


Dungeon Overview and Level Annotations

Branches:
Dungeon (7/15)             Temple (0/1) D:7           Sewer (visited)
Ossuary (visited)

Altars:
Gozag
Yredelemnul

Annotations:
D:6 1 runed translucent door
D:7 Duvessa


Innate Abilities, Weirdness & Mutations

You have temporarily grown beastly horns and talons.
You have very sharp fingernails.
You regenerate magic rapidly.
You have a small tail.
You are agile. (Dex +4, Str/Int -1)
Your mind is acute. (Int +4, Str/Dex -1)
Armour fits poorly on your strangely shaped body.
Your system is resistant to poisons. (rPois)


Message History

Duvessa is lightly wounded.
Duvessa closely misses you.
You closely miss Duvessa.
Duvessa is lightly wounded.
Duvessa barely misses you.
You scratch Duvessa.
Duvessa is lightly wounded.
Duvessa hits you with a +6 short sword of venom! x2
You scratch Duvessa but do no damage. You claw Duvessa. You headbutt Duvessa.
Duvessa is moderately wounded.
Duvessa closely misses you.
Okay, then. [a] - 756 gold - resistance, invisibility, heal wounds and berserk rage [b] - 357 gold - lignification, might and resistance [c] - 220 gold - curing and magic Purchase which effect?
You no longer have enough gold to petition Gozag for potion effects.
Your horns disappear.
Your talons disappear.
You turn into a tree.
Your +2 cloak of stealth melds into your body.
Your +0 leather armour melds into your body.
You feel less stealthy.
Your roots penetrate the ground.
You feel very mighty all of a sudden.
You feel protected.
You creak as the wereblood boils in your veins!
Duvessa hits you but does no damage.
Duvessa hits you with a +6 short sword of venom!
Casting: Beastly Appendage (safe; 1% risk of failure)
Press: ? - help, Q - select action, (/) - cycle Dir - look around, f - activate You feel less wooden.
Your +2 cloak of stealth unmelds from your body.
Your +0 leather armour unmelds from your body.
You feel stealthy.
You grow a pair of large bovine horns.
Your feet morph into talons.
Duvessa hits you with a +6 short sword of venom!
* * * LOW HITPOINT WARNING * * *
You scratch Duvessa. You claw Duvessa.
Duvessa is moderately wounded.
Duvessa hits you with a +6 short sword of venom!
You die...
Your body crumbles into a pile of gold.

.........#......#
##.........#...)######
##..................#
#.....#..#....####.#
#.##..........#
#.##.#.#..##### $
#.........###
#...#...#...###
.#...$@..#.^.#
#.....>e....#.#
..#...$...#...#
#...#...#....##
#..........#...
+....#.#..+.....
#...... ..####...
#....#..## ... ##...


You could see Duvessa (berserk, fast).

Vanquished Creatures
  Menkaure (D:6)
  A vampire mosquito (D:6)
  3 ice beasts
  A sky beast (D:6)
  3 black bears
  An ogre (D:4)
  2 centaurs
  A phantom (D:4)
  An elf zombie (Ossuary)
  A kobold brigand (D:6)
  7 scorpions
  A necrophage (D:5)
  Dowan (D:7)
  2 killer bees (D:6)
  3 centaur zombies (Ossuary)
  3 hounds
  A human zombie (Ossuary)
  A gnoll bouda (D:5)
  A jelly (D:6)
  An iguana (D:4)
  3 orc wizards
  A scorpion zombie (D:3)
  3 mummies
  4 gnolls (D:5)
  8 adders
  4 river rats (Sewer)
  2 white imps
  2 adder zombies
  2 worms
  A dart slug (D:4)
  7 orcs
  6 bats
  6 endoplasms
  8 giant cockroaches
  11 goblins
  7 hobgoblins
  9 jackals
  3 quokkas
  8 ball pythons
  3 frilled lizards
  A goblin zombie (Ossuary)
  11 hobgoblin zombies (Ossuary)
  A jackal zombie (Ossuary)
  13 kobolds
  11 kobold zombies (Ossuary)
  7 orc zombies
  9 rats
  A rat zombie (Ossuary)
  3 butterflies (D:6)
191 creatures vanquished.

Vanquished Creatures (others)
  22 plants
22 creatures vanquished.

Grand Total: 213 creatures vanquished

Notes
Turn   | Place    | Note
-------+----------+-------------------------------------------
     0 | D:1      | McMuffin the Demonspawn Transmuter began the quest for the
                  | Orb.
     0 | D:1      | Reached XP level 1. HP: 15/15 MP: 3/3
   118 | D:1      | Reached skill level 3 in Unarmed Combat
   187 | D:1      | Found a faded altar of an unknown god.
   207 | D:1      | Discovered your monstrous ancestry.
   207 | D:1      | Gained mutation: You have sharp fingernails. [demonic
                  | ancestry]
   207 | D:1      | Reached XP level 2. HP: 21/21 MP: 3/5
   824 | D:2      | Learned a level 2 spell: Wereblood
  1004 | D:2      | Reached XP level 3. HP: 26/26 MP: 2/6
  1121 | D:2      | Found an opulent altar of Gozag.
  1141 | D:2      | Became a worshipper of Gozag Ym Sagoz the Greedy
  1657 | D:3      | Reached XP level 4. HP: 20/32 MP: 4/8
  2017 | D:3      | Found a basalt altar of Yredelemnul.
  2363 | D:4      | Gained mutation: You regenerate magic rapidly. [demonic
                  | ancestry]
  2363 | D:4      | Reached XP level 5. HP: 34/37 MP: 7/9
  2391 | D:4      | Noticed a black bear
  2407 | D:4      | Killed a black bear
  2408 | D:4      | Reached skill level 1 in Armour
  2408 | D:4      | Reached skill level 1 in Stealth
  2453 | D:4      | Reached XP level 6. HP: 37/43 MP: 11/11
  2507 | D:4      | Identified the +4 spear "Z" {speed, Str+2}
  2567 | D:4      | Found a glowing drain.
  2718 | D:4      | Reached skill level 4 in Unarmed Combat
  2872 | D:4      | Gained mutation: Your system is resistant to poisons.
                  | (rPois) [potion of mutation]
  2872 | D:4      | Gained mutation: Your mind is acute. (Int +4, Str/Dex -1)
                  | [potion of mutation]
  2872 | D:4      | Gained mutation: Armour fits poorly on your strangely
                  | shaped body. [potion of mutation]
  2872 | D:4      | Gained mutation: You are agile. (Dex +4, Str/Int -1)
                  | [potion of mutation]
  2883 | D:4      | Identified a scroll of acquirement
  2883 | D:4      | Acquired the amulet "Xuseahir" {Spirit Rampage rF- Int+2}
  2946 | Sewer    | Entered a sewer
  3265 | Sewer    | Gained mutation: You have a small tail. [demonic ancestry]
  3265 | Sewer    | Reached XP level 7. HP: 48/48 MP: 11/13
  3538 | D:5      | Entered Level 5 of the Dungeon
  3596 | D:5      | Found a sand-covered staircase.
  3606 | Ossuary  | Entered an ossuary
  4038 | D:5      | Gained mutation: You have very sharp fingernails. [demonic
                  | ancestry]
  4038 | D:5      | Reached XP level 8. HP: 43/54 MP: 9/14
  4078 | D:5      | Identified the +5 short sword of Geutodim {pain, Int+4}
  4092 | D:5      | Reached skill level 5 in Unarmed Combat
  4453 | D:5      | Learned a level 4 spell: Ice Form
  4785 | D:6      | Reached skill level 5 in Spellcasting
  4854 | D:6      | Reached skill level 6 in Unarmed Combat
  5290 | D:6      | Noticed Menkaure
  5300 | D:6      | Killed Menkaure
  5375 | D:6      | Found a runed translucent door.
  5377 | D:6      | Found a runed translucent door.
  5385 | D:6      | Reached XP level 9. HP: 57/61 MP: 12/16
  5584 | D:6      | Reached skill level 7 in Unarmed Combat
  5833 | D:7      | Found a staircase to the Ecumenical Temple.
  5846 | D:7      | Noticed Dowan
  5854 | D:7      | Noticed Duvessa
  5863 | D:7      | Killed Dowan
  5870 | D:7      | Slain by Duvessa

Illustrated notes

Levels and vault maps discovered:
D:1:      wander_arrival_fairy_ring, layout_rooms,
          ebering_ecumenical_altar_rust, corexii_hall_statues_l
D:2:      layout_loops_ring, basic_altar, nicolae_underground_beach
D:3:      layout_loops_corners, old_standard_altar,
          lemuel_zombie_altar_yredelemnul, grunt_ministairs_6
D:4:      layout_rooms, portal_sewer_entry_c, hangedman_decor_growths,
          minmay_ogre_servants
D:5:      layout_basic, nicolae_ossuary_entry_giza
D:6:      lemuel_insect_pit, layout_loops_corners,
          chequers_serial_rivers_small_3, uniq_menkaure
D:7:      layout_loops_corners, minmay_temple_entry_sparse_star,
          minmay_checkerbox, uniq_joseph, uniq_duvessa

Skill      XL: |  1  2  3  4  5  6  7  8  9 |
---------------+----------------------------+-----
Unarmed Combat | 3 4 6 7 |  7.0
Dodging        | 2 3 |  3.7
Transmutations | 2 3 4 |  4.8
Spellcasting   | 3 4 5 |  5.7
Armour         | 1 2 3 |  3.5
Stealth        | 1 2 3 |  3.8
Fighting       | 2 |  2.3
Ranged Weapons | |  0.7
Ice Magic      | |  0.6

Action                   |  1- 3 |  4- 6 |  7- 9 || total
-------------------------+-------+-------+-------++-------
Melee: Unarmed           |    76 |   199 |   326 ||   601
       Kick              |    16 |    43 |    92 ||   151
       Headbutt          |    12 |    29 |    62 ||   103
       Punch             |       |     7 |    14 ||    21
       Tailslap          |       |       |    31 ||    31
 Fire: Sling             |    17 |       |       ||    17
 Cast: Beastly Appendage |    17 |    27 |    46 ||    90
       Wereblood         |     7 |     6 |    13 ||    26
       Ice Form          |       |       |     2 ||     2
Invok: Potion Petition   |       |       |     2 ||     2
  Use: Scroll            |       |    11 |     5 ||    16
       Potion            |       |     1 |     1 ||     2
 Stab: Sleeping          |       |     3 |    13 ||    16
       Distracted        |       |     1 |     3 ||     4
Armor: Robe              |    18 |       |       ||    18
       Leather armour    |     7 |    56 |    66 ||   129
       Skin              |       |       |     2 ||     2
Dodge: Dodged            |    66 |   125 |   144 ||   335

Table legend: (Time is in decaauts)
 A = Elapsed time spent in this place.
 B = Non-inter-level travel time spent in this place.
 C = Inter-level travel time spent in this place.
 D = Time resting spent in this place.
 E = Time spent auto-exploring this place.
 F = Levels seen in this place.
 G = Mean time per level.
                   A        B        C        D        E       F      G
               +--------+--------+--------+--------+--------+-----+--------+
         Total |   5906 |   5882 |     24 |    229 |      0 |   9 |  656.2 |
       Dungeon |   4938 |   4914 |     24 |    163 |      0 |   7 |  705.4 |
         Sewer |    582 |    582 |      0 |      0 |      0 |   1 |  582.0 |
       Ossuary |    385 |    385 |      0 |     66 |      0 |   1 |  385.0 |
               +--------+--------+--------+--------+--------+-----+--------+

Top non-repeatable levels by time:
     D:6: 1039 daAuts
     D:2: 860 daAuts
     D:3: 828 daAuts
     D:5: 820 daAuts
     D:4: 796 daAuts
   Sewer: 582 daAuts
     D:1: 544 daAuts
 Ossuary: 385 daAuts
     D:7: 46 daAuts
